 Dungeon Crawl Stone Soup version 0.25-b1-46-gb8a1ec05df (webtiles) character file.

Game seed: 13183397925655284700

408 fog455 the Skirmisher (level 6, -1/41 HPs)
             Began as a Gargoyle Fighter on June 8, 2020.
             Was a Follower of Okawaru.
             Slain by a killer bee (3 damage)
             ... on level 4 of the Dungeon on June 9, 2020.
             The game lasted 00:19:32 (2958 turns).

fog455 the Skirmisher (Gargoyle Fighter)            Turns: 2958, Time: 00:19:33

Health: -1/41      AC: 18    Str: 20    XL:     6   Next: 88%
Magic:  13/15      EV:  9    Int:  8    God:    Okawaru [*.....]
Gold:   167        SH: 11    Dex: 11    Spells: 5/5 levels left

rFire    . . .     SeeInvis .   a - +0 flail
rCold    . . .     Gourm    .   c - +0 kite shield
rNeg     + . .     Faith    .   j - +0 chain mail
rPois    ∞         Spirit   .   (no helmet)
rElec    +         Reflect  .   (no cloak)
rCorr    .         Harm     .   (no gloves)
MR       .....                  o - +1 pair of boots
Stlth    ..........             (no amulet)
HPRegen  0.13/turn              h - ring of magical power
MPRegen  0.14/turn              (no ring)

@: heroism
A: negative energy resistance 1, electricity resistance, unbreathing,
petrification resistance, rot immunity, AC +4
a: Heroism, Renounce Religion


You were on level 4 of the Dungeon.
You worshipped Okawaru.
Okawaru was aware of your devotion.
You were not hungry.

You visited 1 branch of the dungeon, and saw 4 of its levels.

You collected 167 gold pieces.

Inventory:

Hand Weapons
 a - a +0 flail (weapon)
Armour
 b - a +0 scale mail
 c - a +0 kite shield (worn)
 i - a +0 ring mail
 j - a +0 chain mail (worn)
 o - a +1 pair of boots (worn)
 q - a cursed +0 centaur barding
Jewellery
 h - a ring of magical power (left hand)
 w - an uncursed ring of see invisible
Wands
 r - a wand of paralysis (13)
 s - a wand of random effects (12)
Scrolls
 e - 2 scrolls of remove curse
 g - 4 scrolls of identify
 l - a scroll of fog
 n - a scroll of noise {unknown}
 v - 2 scrolls of amnesia {unknown}
 x - a scroll of enchant armour {unknown}
 y - a scroll of magic mapping
Potions
 d - a potion of might
 k - a potion of heal wounds {unknown}
 m - a potion of haste
 t - 2 potions of stabbing {unknown}
 u - a potion of flight {unknown}
Comestibles
 f - 6 rations
 p - 6 chunks of flesh


   Skills:
 + Level 5.8(10.8) Fighting
 + Level 4.6(9.6) Maces & Flails
 - Level 4.1(9.1) Armour
 - Level 4.0(9.0) Shields


You had 5 spell levels left.
You didn't know any spells.
Your spell library was empty.

Dungeon Overview and Level Annotations

Branches:
Dungeon (4/15)
 Temple: D:4-7

Altars:
Okawaru


Innate Abilities, Weirdness & Mutations

You are resistant to torment.
Your stone body is resilient. (AC +4)
You are immune to poison.
You resist negative energy. (rN+)
You are resistant to electric shocks. (rElec)
You can survive without breathing.
You are immune to petrification.
You are immune to rotting.


Message History

The orc wizard mumbles some strange words.
The orc wizard blinks!
The killer bee stings you but does no damage.
The orc wizard moves out of view.
You closely miss the killer bee. The killer bee stings you.
* * * LOW HITPOINT WARNING * * *
The killer bee stings you.
* * * LOW HITPOINT WARNING * * *
You block the killer bee's attack. The killer bee closely misses you.
The killer bee stings you.
* * * LOW HITPOINT WARNING * * *
The killer bee stings you.
* * * LOW HITPOINT WARNING * * *
The killer bee stings you but does no damage.
You gain the combat prowess of a mighty hero.
The killer bee stings you but does no damage.
You block the killer bee's attack.
The killer bee stings you but does no damage. x3
The killer bee stings you.
You die...

.# .. ## .. #.#. ..#.
#..?. .#. .... yr ... #.
#.# #r##y.# #sy@.# ###y##
.. .... ##..# .. ....
#...# # ..##..### #.#.###
###.. .........
#.#...####.... .....#
#.#####.###...#..#
.....###..#....####....#
......###...####.......##


You could see a scorpion, 3 killer bees and a quokka.

Vanquished Creatures
  Grinder (D:3)
  A hound (D:3)
  Ijyb (D:3)
  A worker ant (D:3)
  5 adders
  3 worms (D:2)
  4 dart slugs
  4 leopard geckos
  7 orcs
  9 bats
  2 giant cockroaches
  9 goblins
  7 hobgoblins
  3 jackals (D:3)
  A quokka (D:3)
  A ball python (D:3)
  8 frilled lizards
  7 kobolds
  3 rats
77 creatures vanquished.

Notes
Turn   | Place    | Note
-------+----------+-------------------------------------------
     0 | D:1      | fog455 the Gargoyle Fighter began the quest for the Orb.
     0 | D:1      | Reached XP level 1. HP: 14/14 MP: 1/1
   500 | D:1      | Reached XP level 2. HP: 19/19 MP: 2/2
   948 | D:2      | Reached XP level 3. HP: 17/23 MP: 3/3
  1062 | D:2      | Upgraded the game from 0.25-b1-41-g19641232cd to
                  | 0.25-b1-46-gb8a1ec05df
  1234 | D:2      | Reached skill level 4 in Fighting
  1234 | D:2      | Reached XP level 4. HP: 28/29 MP: 4/4
  1268 | D:2      | Found an iron altar of Okawaru.
  1277 | D:2      | Became a worshipper of Warmaster Okawaru
  1824 | D:3      | Noticed Ijyb
  1863 | D:3      | Killed Ijyb
  1863 | D:3      | Reached XP level 5. HP: 21/33 MP: 5/5
  2703 | D:3      | Noticed Grinder
  2712 | D:3      | Killed Grinder
  2712 | D:3      | Reached * piety under Okawaru
  2712 | D:3      | Reached skill level 5 in Fighting
  2712 | D:3      | Reached XP level 6. HP: 32/41 MP: 6/6
  2957 | D:4      | HP: 2/41 [killer bee (1)]
  2958 | D:4      | Slain by a killer bee

Illustrated notes

Levels and vault maps discovered:
D:1:      minmay_arrival_up_and_down, layout_loops_ring,
          hangedman_abyss_or_decor_lesser_grid, minmay_misc_feat_plants,
          chequers_mini_garden
D:2:      layout_loops_ring, first_ration, kennysheep_okawaru_gauntlet
D:3:      minmay_octagon_keep, layout_loops_ring, uniq_ijyb, uniq_grinder
D:4:      layout_rooms, minmay_temple_entry_fiery,
          hangedman_abyss_or_decor_passed

Skill      XL: |  1  2  3  4  5 |
---------------+----------------+-----
Maces & Flails | 3 4 |  4.6
Fighting       | 4 5 |  5.8
Shields        | 4 |  4.0
Armour         | 4 |  4.1

Action                   |  1- 3 |  4- 6 || total
-------------------------+-------+-------++-------
Melee: Flail             |    97 |   228 ||   325
Invok: Heroism           |       |     1 ||     1
  Use: Potion            |     1 |     2 ||     3
       Scroll            |     2 |     4 ||     6
  Eat: Chunk             |     1 |     6 ||     7
Armor: Chain mail        |    54 |   188 ||   242
       Scale mail        |     1 |       ||     1
Dodge: Dodged            |    25 |    60 ||    85
Block: Kite shield       |    48 |   144 ||   192
